[Event "Live Chess"]
[Site "Chess.com"]
[Date "2023.05.21"]
[Round "-"]
[White "raminguy"]
[Black "diana21strabt"]
[Result "1-0"]
[WhiteElo "1946"]
[BlackElo "1765"]
[TimeControl "300"]
[EndTime "6:39:16 PDT"]
[Termination "raminguy won by resignation"]

1. d4 Nf6 2. Nc3 e6 3. e4 Bb4 4. e5 Nd5 5. Qg4 Bxc3+ 6. bxc3 Kf8 7. c4 Ne7 8. Nf3 h5 9. Qh4 Nbc6 10. Bg5 Nb4 11.
Bd3 Nxd3+ 12. cxd3 c6 13. O-O Qe8 14. Bxe7+ Qxe7 15.
Qf4 b6 16. Ng5 Bb7 17. Rfe1 Kg8 18. Re3 f6 19. exf6 Qxf6 20. Qh4 Rf8 21. Rf3 Qe7 22. Rxf8+ Qxf8 23. Re1 c5 24. Re3 cxd4 25. Qxd4 Qe7 26. Ne4 h4 27. Nd6 Qg5 28. Nxb7 h3 29. g3 Qh5 30. f3 Qf7 31. Nd6 Qe7 32. Qf4 Rh6 33.
Nf5 Qf6 34. Nxh6+ Qxh6 35. Qxh6 gxh6 36. a4 Kf7 37. Re4 Kf6 38. Rh4 Kg5 39. Rxh3 h5 40.
Rh4 d6 41. Re4 e5 42. d4 Kf5 43. dxe5 dxe5 44. Kf2 a6 45. Ke3 a5 46. h3 h4 47.
g4+ Kf6 48. Kd3 1-0

[Event "Live Chess"]
[Site "Chess.com"]
[Date "2023.05.21"]
[Round "-"]
[White "Leonid_Starozhilov"]
[Black "LL220284LL"]
[Result "0-1"]
[WhiteElo "2623"]
[BlackElo "2286"]
[TimeControl "300"]
[EndTime "6:39:18 PDT"]
[Termination "LL220284LL won on time"]

1. b3 d5 2. Bb2 Bg4 3. h3 Bh5 4.
Nf3 Nd7 5. c4 c6 6. e3 Ngf6 7.
Be2 e6 8. O-O Bd6 9. d4 O-O 10.
Nbd2 Re8 11. Bd3 Qb8 12. Re1 e5 13. dxe5 Nxe5 14. Be2 dxc4 15. Nxc4 Nxc4 16. Bxc4 Bh2+ 17. Kh1 Be5 18. Bxe5 Bxf3 19. Bxb8 Bxd1 20. Bd6 Bc2 21. Rac1 Bf5 22. f3 Rad8 23. Bb4 Bd3 24. e4 Bxc4 25. Rxc4 Rd3 26. Rc3 Red8 27. Rec1 Nh5 28. Kh2 Nf4 29. R3c2 h5 30. Be1 R8d7 31. b4 Ra3 32. h4 Rdd3 33.
b5 cxb5 34. Bg3 Ne6 35. Be5 Rd8 36. Kg3 a6 37. Rc8 Rd3 38. Rxd8+ Rxd8 39. Rc2 f6 40. Bb2 Kf7 41. Kf2 Rd7 42. Ke3 Rc7 43. Rd2 b4 44. g4 hxg4 45. fxg4 a5 46. e5 fxe5 47. Bxe5 Re7 48.
Rf2+ Kg8 49. Bd6 Re8 50. Ke4 Nc5+ 51. Kd5 Ne4 52. Rg2 Nc3+ 53. Kc4 Rc8+ 54. Kb3 Ne4 55.
Be5 Rc5 56. Bb2 Rd5 57. h5 b5 58. g5 Nd2+ 59. Kc2 Nc4 60. Bc1 Rc5 61. Kd3 b3 62.
axb3 Ne5+ 63. Ke4 Rxc1 64. Kxe5 Rc3 65. Ra2 Rxb3 66. Rxa5 Rg3 67. g6 Kf8 68. Ke6 Re3+ 69. Kd6 Rd3+ 70. Ke6 Rd8 71. Rxb5 Re8+ 72. Kf5 Rc8 73.
Re5 Kg8 74. Kg5 Rf8 75. h6 gxh6+ 76. Kxh6 Rc8 77. Re7 Kf8 78. Rg7 Rc1 79. Rf7+ Ke8 80. Kg7 Rg1 81. Rf8+ Ke7 82. Rf7+ Ke6 83. Rf6+ Ke7 84. Rf7+ Kd8 85. Rf6 Kd7 86. Kf7 Kc8 87.
g7 Kc7 88. g8=Q Kb7 89. Qg7 Rd1 0-1

[Event "Live Chess"]
[Site "Chess.com"]
[Date "2023.05.21"]
[Round "-"]
[White "wot-not"]
[Black "matt1979"]
[Result "0-1"]
[WhiteElo "1540"]
[BlackElo "1533"]
[TimeControl "300"]
[EndTime "6:39:28 PDT"]
[Termination "matt1979 won by resignation"]

1. e4 d6 2. f4 e5 3. Nf3 Nd7 4. fxe5 Nxe5 5. Nxe5 dxe5 6. Qf3 Nf6 7. Bc4 Bc5 8. d3 O-O 9. Be3 Bxe3 10. Qxe3 Bg4 11.
O-O c6 12. Nd2 b5 13. Bb3 a5 14.
a4 b4 15. Nf3 Nd7 16. h3 Bh5 17. c3 c5 18. cxb4 cxb4 19. Rac1 Rc8 20. Rxc8 Qxc8 21. Rc1 Qb7 22. Bd5 Qb6 23. Qxb6 Nxb6 24. Bc6 Rc8 25. Nxe5 Nxa4 26. Ra1 Nxb2 27. Rxa5 f6 28. Bd5+ Kf8 29. Nd7+ Ke8 30. Nb6 Rc1+ 31. Kh2 Nxd3 32. Ra8+ Ke7 33. Ra7+ Kd8 34. Rd7+ Ke8 35. Bc6 Rxc6 36. Rxd3 Rxb6 37. Rb3 Bf7 38. Rb2 b3 39.
Kg3 Rc6 40. Kf4 Rc2 0-1

[Event "Live Chess"]
[Site "Chess.com"]
[Date "2023.05.21"]
[Round "-"]
[White "GEMdzq"]
[Black "GMMickeyAdams"]
[Result "0-1"]
[WhiteElo "2247"]
[BlackElo "2785"]
[TimeControl "300"]
[EndTime "6:39:31 PDT"]
[Termination "GMMickeyAdams won by resignation"]

1. e4 e5 2. Nf3 Nc6 3. Bb5 Nge7 4. O-O Ng6 5. c3 a6 6. Ba4 Be7 7. d4 b5 8. Bb3 d6 9. a4 Bd7 10. Bd5 Rb8 11. axb5 axb5 12. Ra6 Rb6 13. Rxb6 cxb6 14. Na3 b4 15. cxb4 O-O 16. Qb3 Nxd4 17. Nxd4 exd4 18.
Nc2 Bf6 19. b5 Ne7 20. Bc4 Qc7 21. Qd3 Rc8 22. b3 Bxb5 23. Na3 Bxc4 24. bxc4 Qc5 25. Bb2 Nc6 26. Rc1 Qb4 27. Rb1 Ne5 28. Qg3 Qc5 29. f4 Nxc4 30. Nxc4 Qxc4 31. e5 dxe5 32. fxe5 Be7 33.
Rc1 Qe6 34. Rxc8+ Qxc8 35. Bxd4 Qc1+ 36. Kf2 Qd2+ 0-1

[Event "Live Chess"]
[Site "Chess.com"]
[Date "2023.05.21"]
[Round "-"]
[White "Tiltador"]
[Black "ameetghasi100"]
[Result "0-1"]
[WhiteElo "841"]
[BlackElo "2580"]
[TimeControl "300"]
[EndTime "6:39:34 PDT"]
[Termination "ameetghasi100 won by checkmate"]

1. e4 d6 2. Nf3 Nf6 3. Bb5+ c6 4.
Be2 e5 5. O-O Be7 6. d3 h6 7. Nc3 g5 8. Nd2 Nbd7 9. Nb3 Nf8 10. f3 Ng6 11. d4 Nh5 12. dxe5 Nxe5 13. Nd4 Nf4 14. Bxf4 gxf4 15. Nf5 Bxf5 16. exf5 d5 17. a3 Bc5+ 18. Kh1 Be3 19. Bd3 Qg5 20. b4 O-O-O 21. a4 Rdg8 22. Qe2 Qh4 23. b5 Rg5 24. bxc6 Qxh2+ 25. Kxh2 Rh5# 0-1

[Event "Live Chess"]
[Site "Chess.com"]
[Date "2023.05.21"]
[Round "-"]
[White "LiamClery2020"]
[Black "Chesscoach_Golichenko"]
[Result "0-1"]
[WhiteElo "1966"]
[BlackElo "2630"]
[TimeControl "300"]
[EndTime "6:40:11 PDT"]
[Termination "Chesscoach_Golichenko won by resignation"]

1. e4 Nf6 2. e5 Nd5 3. d4 d6 4.
Nf3 g6 5. c4 Nb6 6. exd6 cxd6 7. a4 Bg7 8. a5 N6d7 9. Nc3 O-O 10. Be3 e5 11. d5 h6 12. Qd2 Kh7 13. Bd3 f5 14. Qc2 e4 15. Nxe4 fxe4 16. Bxe4 Qf6 17. Bd4 Ne5 18. Bxe5 dxe5 19. O-O Bf5 20. Bxf5 gxf5 21.
Rad1 Nd7 22. Rfe1 e4 23. Nd4 Rac8 24. b3 Rg8 25. Ne6 Ne5 26. Qe2 Bf8 27. f3 Nxf3+ 0-1

[Event "Live Chess"]
[Site "Chess.com"]
[Date "2023.05.21"]
[Round "-"]
[White "Olisingapore"]
[Black "Hacker_2009"]
[Result "1-0"]
[WhiteElo "1789"]
[BlackElo "1917"]
[TimeControl "300"]
[EndTime "6:40:23 PDT"]
[Termination "Olisingapore won by resignation"]

1. d4 Nf6 2. c4 e6 3. g3 d5 4. Bg2 Be7 5. Nf3 O-O 6. O-O b6 7. Qc2 Bb7 8. Bg5 c5 9. Nbd2 cxd4 10.
Nxd4 Nc6 11. Nxc6 Bxc6 12. Rfd1 Qc7 13. Bxf6 Bxf6 14. cxd5 exd5 15. Bxd5 Rac8 16. Rac1 Bxd5 17. Qxc7 Rxc7 18. Rxc7 a5 19. b3 Rd8 20. Nf3 g6 21. e4 Bxe4 22. Rxd8+ Bxd8 23. Rd7 Bf6 24. Nd2 Bf5 25. Rd6 Bc3 26. Nc4 b5 27. Ne3 Bb1 28.
a4 b4 29. Ra6 Ba2 30. Rxa5 Bxb3 31. Ra8+ Kg7 32. a5 Be6 33. a6 b3 34. Rb8 Bd4 35. Nd1 Kf6 36. Rb4 Bc5 37. Rb7 Bd5 38. Rb5 Bf3 39.
Rxc5 Bxd1 40. Rb5 Bf3 41. Rxb3 1-0

[Event "Live Chess"]
[Site "Chess.com"]
[Date "2023.05.21"]
[Round "-"]
[White "zdanevych"]
[Black "Conradical12"]
[Result "0-1"]
[WhiteElo "1498"]
[BlackElo "1581"]
[TimeControl "300"]
[EndTime "6:40:28 PDT"]
[Termination "Conradical12 won by checkmate"]

1. d4 d5 2. c4 c6 3. Nc3 Nf6 4. cxd5 cxd5 5. Nf3 Nc6 6. h3 Bf5 7. a3 Qb6 8. e3 O-O-O 9. b4 e6 10.
Be2 Bd6 11. O-O h5 12. Na4 Qc7 13. Nc5 Bxc5 14. bxc5 Ne4 15. Bd2 g5 16. Nh2 g4 17.
hxg4 hxg4 18. Bxg4 Qxh2# 0-1

[Event "Live Chess"]
[Site "Chess.com"]
[Date "2023.05.21"]
[Round "-"]
[White "peter-785"]
[Black "CheckThis4"]
[Result "0-1"]
[WhiteElo "1171"]
[BlackElo "2524"]
[TimeControl "300"]
[EndTime "6:40:36 PDT"]
[Termination "CheckThis4 won by checkmate"]

1. e4 d5 2. exd5 Nf6 3. Nf3 Bg4 4. Be2 Qxd5 5. Nc3 Qd7 6. h3 Bh5 7. Ne5 Qe6 8. g4 Qxe5 9. gxh5 Nc6 10. d3 O-O-O 11.
Be3 e6 12. Qd2 Bb4 13. O-O-O Ne4 14. Qe1 Nxc3 15. bxc3 Bxc3 16. Qg1 Qa5 17. Kb1 Qb4+ 18. Kc1 Qb2# 0-1

[Event "Live Chess"]
[Site "Chess.com"]
[Date "2023.05.21"]
[Round "-"]
[White "Vedant-1411"]
[Black "smoggyrabbit"]
[Result "0-1"]
[WhiteElo "877"]
[BlackElo "1629"]
[TimeControl "300"]
[EndTime "6:40:52 PDT"]
[Termination "smoggyrabbit won by checkmate"]

1. d4 e6 2. Nf3 f5 3. Nc3 Nf6 4. Bf4 Bb4 5. a3 Bxc3+ 6. bxc3 O-O 7. c4 b6 8. d5 Bb7 9. dxe6 dxe6 10. Qxd8 Rxd8 11. e3 Bxf3 12. gxf3 Nc6 13. Bg3 Rd7 14. Bh3 Rad8 15. O-O g5 16. f4 g4 17. Bg2 Ne7 18. f3 Rd2 19. fxg4 Nxg4 20. Bf3 Nxe3 21. Rf2 Rxc2 22. Rxc2 Nxc2 23. Ra2 Nd4 24. Bd1 Nec6 25. Ba4 Na5 26. Rd2 Nf3+ 27. Kf2 Nxd2 28. Ke2 Ne4 29. Ke3 Nxc4+ 30. Kf3 Nxg3 31. Kxg3 Rd3+ 32. Kh4 Rxa3 33. Bb5 Nd6 34. Bd7 Kf7 35. Bc6 Rc3 36. Bg2 a5 37. Bf1 a4 38. Kg5 a3 39. Kh6 a2 40. Kxh7 a1=Q 41. Bh3 Rxh3# 0-1

[Event "Live Chess"]
[Site "Chess.com"]
[Date "2023.05.21"]
[Round "-"]
[White "mliszewski"]
[Black "jumush"]
[Result "1-0"]
[WhiteElo "1816"]
[BlackElo "1714"]
[TimeControl "300"]
[EndTime "6:40:59 PDT"]
[Termination "mliszewski won by resignation"]

1. d4 d5 2. Bf4 Nf6 3. e3 c5 4.
dxc5 Nc6 5. Bb5 Qa5+ 6. Nc3 Ne4 7.
Ne2 Bd7 8. a3 a6 9. Bxc6 Bxc6 10. b4 Qd8 11. Nxe4 dxe4 12. Qxd8+ Rxd8 13. O-O f6 14. Bc7 Rd7 15. Bb6 e5 16. Rad1 Be7 17. Rxd7 Kxd7 18. Rd1+ Kc8 19. Ng3 g6 20. Kf1 h5 21.
Ke2 h4 22. Nf1 Bd8 23. Bxd8 Rxd8 24. Rxd8+ Kxd8 25. f3 Bb5+ 26. Kf2 Bxf1 27. Kxf1 exf3 28. gxf3 f5 29. c4 Kd7 30. b5 axb5 31. cxb5 Ke6 32. e4 f4 33. a4 g5 34. h3 Kd7 35. Ke2 Kc7 36. a5 Kd7 37. a6 bxa6 38. b6 Kc6 39. Kd2 1-0

[Event "Live Chess"]
[Site "Chess.com"]
[Date "2023.05.21"]
[Round "-"]
[White "JoRoSaR"]
[Black "Ian-Morley"]
[Result "0-1"]
[WhiteElo "1669"]
[BlackElo "1072"]
[TimeControl "300"]
[EndTime "6:41:00 PDT"]
[Termination "Ian-Morley won by checkmate"]

1. e4 d5 2. exd5 Qxd5 3. Nc3 Qe5+ 4. Be2 Nf6 5. Nf3 Qd6 6. O-O Nd5 7. Ne4 Qd8 8. c4 Nf4 9. d4 Nxe2+ 10. Qxe2 Bg4 11. Rd1 e6 12. Bf4 Bd6 13. Nxd6+ cxd6 14. h3 Bxf3 15. Qxf3 d5 16. cxd5 Qxd5 17. Qg3 g6 18. Be5 O-O 19. Bf6 Qf5 20. Be5 Nd7 21. Bd6 Rfe8 22. Rac1 Rac8 23. Qb3 Rxc1 24. Rxc1 b6 25. Qa4 e5 26. dxe5 Nxe5 27. Qxa7 Nc4 28. Rxc4 Re1+ 29. Kh2 Qxf2 30. Bg3 Qg1# 0-1

[Event "Live Chess"]
[Site "Chess.com"]
[Date "2023.05.21"]
[Round "-"]
[White "AMCWAML"]
[Black "WelshTiger"]
[Result "0-1"]
[WhiteElo "2262"]
[BlackElo "2326"]
[TimeControl "300"]
[EndTime "6:41:21 PDT"]
[Termination "WelshTiger won by resignation"]

1. e4 c5 2. Nf3 d6 3. d4 cxd4 4. Nxd4 Nf6 5. Nc3 Nc6 6. Bg5 Bd7 7. Qd2 Rc8 8. O-O-O Nxd4 9. Qxd4 Qa5 10. Bd2 a6 11. f3 Qc5 12. Be3 Qxd4 13. Rxd4 b5 14. g4 Bc6 15. h4 e6 16. h5 h6 17. Be2 d5 18.
exd5 Nxd5 19. Nxd5 Bxd5 20. Re1 Bc5 21. Rd3 Bc4 22.
Bxc5 Bxd3 23. Bxd3 Rxc5 24. b4 Rc7 25. a4 Ke7 26. axb5 axb5 27. Re5 Rb8 28. Kb2 Rcb7 29. Kb3 Kd6 30. f4 f6 31. Rc5 Rc7 32. Rxb5 Rxb5 33. Bxb5 e5 34. fxe5+ fxe5 35. Bd3 Kd5 36. c4+ Kd4 37. Bf1 Rf7 38. Bg2 e4 39. b5 e3 40.
b6 e2 41. b7 Rxb7+ 0-1

[Event "Live Chess"]
[Site "Chess.com"]
[Date "2023.05.21"]
[Round "-"]
[White "ShanthamGrarks"]
[Black "LiamBellwood"]
[Result "1-0"]
[WhiteElo "1981"]
[BlackElo "1899"]
[TimeControl "300"]
[EndTime "6:41:41 PDT"]
[Termination "ShanthamGrarks won on time"]

1. d4 e6 2. Nc3 Bb4 3. e4 d5 4. e5 Ne7 5. Bd3 c5 6. Bd2 cxd4 7. Nce2 Bxd2+ 8. Qxd2 Nbc6 9. f4 Qb6 10. Nf3 Bd7 11. O-O h5 12. Kh1 h4 13. h3 g6 14. Ng5 Nb4 15.
a3 Nxd3 16. cxd3 Nf5 17. Kh2 Kf8 18. Rfc1 Bc6 19. b4 a6 20. a4 Kg7 21. a5 Qd8 22.
Nf3 Rc8 23. Nexd4 Ng3 24. Ng5 Qd7 25. Rc3 Bb5 26. Rc5 Rxc5 27. bxc5 Rc8 28. Qc3 Qe7 29. Rc1 Bc6 30. Qd2 Ba4 31. Rb1 Bb5 32. Nxb5 axb5 33. Qf2 Qxc5 34. d4 Qc4 35. Nf3 Nf5 36. Nxh4 b4 37.
Nxf5+ exf5 38. Qh4 Qxd4 39. Qf6+ Kh7 40. Qxf7+ Kh6 41.
Rg1 Qxf4+ 42. Kh1 Rc1 43. e6 Rxg1+ 44. Kxg1 b3 45. Qf8+ Kh5 46. Qh8+ Kg5 47. Qd8+ Kh5 48. Qxd5 Kg5 49. Qd8+ Kh5 50. Qh8+ Qh6 51. Qxh6+ 1-0

[Event "Live Chess"]
[Site "Chess.com"]
[Date "2023.05.21"]
[Round "-"]
[White "PantherCal"]
[Black "mattihelenius2"]
[Result "1-0"]
[WhiteElo "1827"]
[BlackElo "491"]
[TimeControl "300"]
[EndTime "6:41:42 PDT"]
[Termination "PantherCal won by checkmate"]

1. e4 e6 2. d4 d5 3. exd5 exd5 4. Bd3 Nf6 5. Nf3 Bg4 6. O-O Nc6 7. Re1+ Be6 8. c3 Bd6 9. Bf5 g6 10. Bxe6 fxe6 11. Rxe6+ Ne7 12. Rxf6 Rf8 13. Rxf8+ Kxf8 14. Bh6+ Ke8 15. Ng5 Nf5 16. Qe2+ Be7 17. Ne6 Qd6 18. Ng7+ Nxg7 19. Bxg7 Kd7 20. Nd2 Bg5 21. Be5 Qe6 22. Nf3 Rf8 23. Nxg5 Qe7 24. Qb5+ c6 25. Qxb7+ Ke8 26.
Qxc6+ Kd8 27. Ne6+ Qxe6 28. Qxe6 Rf5 29. Bd6 h5 30.
Qe7+ Kc8 31. Qc7# 1-0

[Event "Live Chess"]
[Site "Chess.com"]
[Date "2023.05.21"]
[Round "-"]
[White "MarkLim1"]
[Black "ms_lilley"]
[Result "1-0"]
[WhiteElo "1704"]
[BlackElo "604"]
[TimeControl "300"]
[EndTime "6:41:43 PDT"]
[Termination "MarkLim1 won by checkmate"]

1. e4 e6 2. d3 d5 3. Nd2 Bb4 4. c3 Ba5 5. e5 Ne7 6. d4 Nf5 7. Bd3 O-O 8. Ne2 Nc6 9. O-O Qg5 10. f4 Qg4 11. Nf3 Nh4 12. Nxh4 Qxh4 13. Ng3 g6 14.
Qf3 Qe7 15. Be3 Bxc3 16. bxc3 Na5 17. Nh1 a6 18. Nf2 b5 19. Ng4 Qa3 20. Nf6+ Kg7 21. Qh3 h5 22. Rac1 Rh8 23. Qg3 Kf8 24. Qg5 Qxa2 25. Rf2 Qb3 26. Rb1 Qxc3 27. Nxd5 Qxd3 28. Qe7+ Kg7 29. Qf6+ Kf8 30. Qxh8# 1-0

[Event "Live Chess"]
[Site "Chess.com"]
[Date "2023.05.21"]
[Round "-"]
[White "LiamClery2020"]
[Black "Olisingapore"]
[Result "1-0"]
[WhiteElo "1970"]
[BlackElo "1785"]
[TimeControl "300"]
[EndTime "6:41:47 PDT"]
[Termination "LiamClery2020 won by resignation"]

1. e4 c5 2. Nf3 d6 3. Bb5+ Nd7 4. Bxd7+ Bxd7 5. O-O Nf6 6. Re1 g6 7. h3 Bg7 8. c3 O-O 9. d4 cxd4 10. cxd4 Nxe4 11.
Rxe4 Qb6 12. Nc3 Bf5 13. Re1 Rfc8 14. Nd5 Qb5 15. Nxe7+ 1-0

[Event "Live Chess"]
[Site "Chess.com"]
[Date "2023.05.21"]
[Round "-"]
[White "MartynColebrook"]
[Black "Cimon"]
[Result "1-0"]
[WhiteElo "1302"]
[BlackElo "1832"]
[TimeControl "300"]
[EndTime "6:41:51 PDT"]
[Termination "MartynColebrook won by resignation"]

1. e4 d6 2. d4 Nf6 3. Nc3 g6 4. Bd3 Bg7 5. Be3 O-O 6. f4 Nfd7 7. Nf3 c5 8. d5 a6 9. Be2 b5 10. Qd2 b4 11. Nd1 Nb6 12. O-O e6 13. c3 a5 14. Rc1 exd5 15. exd5 Bb7 16. c4 N8d7 17.
b3 a4 18. Bd3 axb3 19. axb3 Nf6 20. f5 Re8 21. fxg6 hxg6 22. Bg5 Qd7 23. Qf4 Nh5 24.
Qh4 Bh8 25. g4 Ng7 26. Bf6 Ra3 27. Ng5 Nh5 28. gxh5 Bxf6 29. hxg6 Bxg5 30. Qxg5 f6 31.
Qxf6 Qg4+ 32. Kh1 1-0

[Event "Live Chess"]
[Site "Chess.com"]
[Date "2023.05.21"]
[Round "-"]
[White "Hussamalhaidar"]
[Black "onemoretime1975"]
[Result "0-1"]
[WhiteElo "1136"]
[BlackElo "1860"]
[TimeControl "300"]
[EndTime "6:42:07 PDT"]
[Termination "onemoretime1975 won - game abandoned"]

1. b3 e5 2. Bb2 d6 3. e3 Nc6 4.
Nf3 Nf6 5. c4 Be7 6. d3 O-O 7.
Be2 Re8 8. Nbd2 Bf8 9. O-O g6 10. h3 Bg7 11. d4 exd4 12. Nxd4 Nxd4 13. Bxd4 d5 14. cxd5 Nxd5 15. Bxg7 Kxg7 16. Bc4 Be6 17. Nf3 c6 18. Qd4+ Kg8 19. Ng5 Qxg5 20. f4 Qf6 21.
Bxd5 Qxd4 22. exd4 Bxd5 23. Rf2 f5 24. Rc1 Re4 25. g3 Rae8 26. Rd2 Re1+ 27. Rxe1 Rxe1+ 28. Kf2 Rh1 29. Ke3 Rxh3 30. Rf2 Rxg3+ 0-1

[Event "Live Chess"]
[Site "Chess.com"]
[Date "2023.05.21"]
[Round "-"]
[White "YrrriKharkiv"]
[Black "McSlash1"]
[Result "1/2-1/2"]
[WhiteElo "2061"]
[BlackElo "1993"]
[TimeControl "300"]
[EndTime "6:42:31 PDT"]
[Termination "Game drawn by repetition"]

1. d4 Nf6 2. c4 g6 3. Nc3 d5 4. Qb3 dxc4 5. Qxc4 Bg7 6. e4 O-O 7. Nf3 Bg4 8. Ne5 Be6 9. Qd3 Nfd7 10. Nxd7 Nxd7 11. Be3 Nb6 12. d5 Bd7 13. Be2 c6 14.
O-O cxd5 15. exd5 Bf5 16. Qd2 Qd6 17. Bd4 Bxd4 18. Qxd4 e6 19. Rfd1 Rfd8 20. Bf3 e5 21.
Qh4 f6 22. a4 a5 23. Nb5 Qd7 24. Qxf6 Nxa4 25. Rxa4 Qxb5 26. Raa1 e4 27. Bxe4 Bxe4 28.
Qe6+ Kg7 29. Qe5+ Kg8 30. Qxe4 Re8 31. Qd4 Rad8 32. d6 Re6 33. Qd5 Qxd5 34. Rxd5 Rexd6 35. Rxd6 Rxd6 36. Kf1 b6 37. Ke2 Rc6 38. Kd2 Rf6 39.
f3 Rd6+ 40. Kc2 Re6 41. Kd3 Kf7 42. Rc1 Rd6+ 43. Ke3 Kf6 44. h4 h5 45. Rc2 Re6+ 46. Kf4 Rd6 47. g4 hxg4 48. Kxg4 Rd4+ 49. f4 Rb4 50.
Re2 a4 51. Rd2 b5 52. Rd6+ Kf7 53. Rd2 Rb3 54. h5 gxh5+ 55. Kxh5 Kf6 56. Kg4 Ke6 57. f5+ Kf6 58. Rd6+ Ke5 59. Re6+ Kd5 60. Re2 Rb4+ 61. Kg5 Rb3 62. f6 Rg3+ 63. Kf5 Rg1 64. Rd2+ Kc6 65. f7 Rf1+ 66. Ke6 b4 67. Ke7 Re1+ 68. Kf6 Rf1+ 69.
Kg7 Rg1+ 70. Kf6 Rf1+ 71. Kg7 Rg1+ 72. Kf6 Rf1+ 1/2-1/2

[Event "Live Chess"]
[Site "Chess.com"]
[Date "2023.05.21"]
[Round "-"]
[White "TheSmoulderingMaster"]
[Black "domrobson"]
[Result "0-1"]
[WhiteElo "1660"]
[BlackElo "1767"]
[TimeControl "300"]
[EndTime "6:42:33 PDT"]
[Termination "domrobson won by resignation"]

1. e4 e5 2. Nf3 Nc6 3. Bb5 a6 4. Ba4 Nf6 5. O-O Nxe4 6. d4 b5 7. Bb3 d5 8. dxe5 Be6 9. c3 Bc5 10. Nbd2 O-O 11. Bc2 Nxf2 12. Rxf2 f6 13. Nb3 Bxf2+ 14.
Kxf2 fxe5 15. Kg1 e4 16. Ng5 Qf6 17. Be3 h6 18. Nxe6 Qxe6 19. Qe2 Rf7 20. Rd1 Ne7 21.
Nc5 Qc8 22. Bb3 c6 23. Bd4 Nf5 24. Be5 Qf8 25. Rf1 Qxc5+ 26. Kh1 Raf8 27. Bd4 Nxd4 28. Rxf7 Rxf7 29. cxd4 Qc1+ 30. Bd1 Qf4 31. h3 Qf1+ 0-1

[Event "Live Chess"]
[Site "Chess.com"]
[Date "2023.05.21"]
[Round "-"]
[White "JoeRoot66"]
[Black "LL220284LL"]
[Result "0-1"]
[WhiteElo "1894"]
[BlackElo "2288"]
[TimeControl "300"]
[EndTime "6:42:39 PDT"]
[Termination "LL220284LL won by resignation"]

1. e4 c5 2. c3 Nf6 3. e5 Nd5 4. d4 cxd4 5. Nf3 Nc6 6. cxd4 d6 7. Bc4 dxe5 8. dxe5 Be6 9. O-O g6 10. Qb3 Qb6 11. Bxd5 Bxd5 12. Qxd5 Rd8 13. Qb3 Qc7 14.
Bf4 Bg7 15. Re1 O-O 16. Nc3 Na5 17. Qc2 Rc8 18. Bg3 e6 19. Rad1 Nc4 20. b3 Nb6 21. Rd3 Nd5 22. Rc1 Nb4 23. Qd2 Nxd3 24. Qxd3 Bh6 25.
Rc2 Rfd8 26. Nd4 Qb6 27. Ne4 Rxc2 28. Nf6+ Kh8 29. Qxc2 Qxd4 0-1

[Event "Live Chess"]
[Site "Chess.com"]
[Date "2023.05.21"]
[Round "-"]
[White "tpm07"]
[Black "elephantgerrald"]
[Result "1-0"]
[WhiteElo "1946"]
[BlackElo "677"]
[TimeControl "300"]
[EndTime "6:42:40 PDT"]
[Termination "tpm07 won by checkmate"]

1. e4 e5 2. Nf3 Nc6 3. Bb5 f6 4. Bxc6 bxc6 5. d4 Bd6 6. dxe5 Bxe5 7. Nxe5 fxe5 8. Qh5+ g6 9. Qxe5+ Ne7 10. Qxh8+ Kf7 11.
Qxd8 Nf5 12. exf5 Bb7 13. fxg6+ hxg6 14. Qxc7 Re8+ 15. Be3 Ba6 16. Qxd7+ Re7 17. Qxc6 Bc4 18. Qxc4+ Kg7 19. Nc3 Rxe3+ 20. fxe3 a6 21. O-O Kh6 22.
Rf7 Kg5 23. Qf4+ Kh5 24. Rh7# 1-0

[Event "Live Chess"]
[Site "Chess.com"]
[Date "2023.05.21"]
[Round "-"]
[White "wot-not"]
[Black "Duke_of_Bebington"]
[Result "1-0"]
[WhiteElo "1548"]
[BlackElo "1540"]
[TimeControl "300"]
[EndTime "6:42:54 PDT"]
[Termination "wot-not won by resignation"]

1. e4 e5 2. f4 exf4 3. Nf3 d5 4.
e5 d4 5. Bc4 g5 6. d3 g4 7. O-O gxf3 8. Qxf3 Be6 9. Bxe6 fxe6 10.
Qxf4 Qc8 11. Qf7+ Kd8 12. Qxf8+ Kd7 13. Qg7+ Ne7 14. Bg5 Qe8 15. Bxe7 Qxe7 16. Rf7 Nc6 17. Rxe7+ Nxe7 18. Qg4 Nf5 19. Nd2 Ne3 20. Qxd4+ Nd5 21.
c4 1-0

[Event "Live Chess"]
[Site "Chess.com"]
[Date "2023.05.21"]
[Round "-"]
[White "shohrehbayat"]
[Black "KeithArkell"]
[Result "0-1"]
[WhiteElo "2042"]
[BlackElo "2487"]
[TimeControl "300"]
[EndTime "6:43:00 PDT"]
[Termination "KeithArkell won by resignation"]

1. e4 c6 2. d4 d5 3. exd5 cxd5 4. Bd3 Nc6 5. c3 Nf6 6. Bf4 Bg4 7. Qb3 Qd7 8. Nd2 e6 9. Ngf3 Bd6 10. Bxd6 Qxd6 11.
Qxb7 Rb8 12. Qa6 O-O 13. b4 Rb6 14. Qa3 e5 15. dxe5 Nxe5 16. Be2 Nxf3+ 17. gxf3 Bf5 18. O-O Qf4 19. Rfd1 Bh3 20. Nf1 Re6 21. Qb2 Rfe8 22. Ng3 Rxe2 0-1

[Event "Live Chess"]
[Site "Chess.com"]
[Date "2023.05.21"]
[Round "-"]
[White "LL220284LL"]
[Black "domrobson"]
[Result "1-0"]
[WhiteElo "2289"]
[BlackElo "1766"]
[TimeControl "300"]
[EndTime "6:43:04 PDT"]
[Termination "LL220284LL won by resignation"]

1. b3 e5 2. Bb2 Nc6 3. Nf3 Nf6 4. Nxe5 d6 5. Nxc6 Be6 6. Nxd8 Kd7 7. Nxe6 Kxe6 8. g3 Kd5 9. Bh3 Kc6 10. d4 Kd5 11. c4+ 1-0

[Event "Live Chess"]
[Site "Chess.com"]
[Date "2023.05.21"]
[Round "-"]
[White "Leonid_Starozhilov"]
[Black "seabuck"]
[Result "1-0"]
[WhiteElo "2623"]
[BlackElo "1878"]
[TimeControl "300"]
[EndTime "6:43:09 PDT"]
[Termination "Leonid_Starozhilov won by checkmate"]

1. e4 e6 2. d4 d5 3. Nc3 Nf6 4.
Bg5 Be7 5. e5 Nfd7 6. h4 h6 7.
Bxe7 Qxe7 8. f4 a6 9. Nf3 c5 10. Qd2 Nc6 11. O-O-O b5 12. g4 b4 13. Ne2 c4 14. f5 exf5 15. gxf5 b3 16. cxb3 cxb3 17. a3 a5 18. Nf4 Nb6 19. Bd3 Ba6 20. Kb1 Bxd3+ 21.
Qxd3 O-O 22. f6 gxf6 23. Rhg1+ Kh8 24. Rg6 Nc4 25. Rxh6+ Kg7 26. Qh7# 1-0

[Event "Live Chess"]
[Site "Chess.com"]
[Date "2023.05.21"]
[Round "-"]
[White "GMMickeyAdams"]
[Black "EdenHazard8"]
[Result "1-0"]
[WhiteElo "2785"]
[BlackElo "1993"]
[TimeControl "300"]
[EndTime "6:43:12 PDT"]
[Termination "GMMickeyAdams won by resignation"]

1. c4 e6 2. g3 d5 3. Bg2 Nf6 4.
Nf3 Be7 5. O-O O-O 6. d4 dxc4 7.
Ne5 Nd5 8. Nxc4 b5 9. Ne5 Bb7 10.
Nd2 Nd7 11. Nxd7 Qxd7 12. Nb3 a5 13. e4 Nb6 14. Bf4 Nc4 15. Qc2 Rfc8 16. Rfd1 c6 17. Nc5 Bxc5 18. dxc5 Qe7 19. b3 e5 20. Bc1 Qxc5 21.
bxc4 bxc4 22. Be3 Qe7 23. Qxc4 Ba6 24. Qc5 Qxc5 25. Bxc5 f6 26. Bh3 1-0

[Event "Live Chess"]
[Site "Chess.com"]
[Date "2023.05.21"]
[Round "-"]
[White "Brooms1989"]
[Black "AbilifyXL"]
[Result "0-1"]
[WhiteElo "1165"]
[BlackElo "1971"]
[TimeControl "300"]
[EndTime "6:43:14 PDT"]
[Termination "AbilifyXL won by resignation"]

1. e4 d5 2. exd5 Qxd5 3. Nc3 Qa5 4. d4 c6 5. Bd2 Qc7 6. Nf3 Nf6 7. Bc4 Bf5 8. O-O e6 9. Bg5 Nbd7 10. Ne5 Nxe5 11. dxe5 Qxe5 12. f4 Qc5+ 13. Kh1 Qxc4 14. Qd2 Be7 15. Rad1 O-O 16. b3 Qb4 17. Rf3 Rad8 18.
Qe1 Bg4 19. Rxd8 Rxd8 20. Rg3 Bf5 21. h4 Ne4 22. Bxe7 Nxg3+ 23. Kh2 Qxe7 24. Kxg3 h6 25. Qd2 0-1

[Event "Live Chess"]
[Site "Chess.com"]
[Date "2023.05.21"]
[Round "-"]
[White "mliszewski"]
[Black "JoRoSaR"]
[Result "1-0"]
[WhiteElo "1821"]
[BlackElo "1664"]
[TimeControl "300"]
[EndTime "6:43:18 PDT"]
[Termination "mliszewski won by resignation"]

1. d4 f5 2. Qd3 d6 3. g4 fxg4 4. h3 Nf6 5. hxg4 Bxg4 6. Bg5 g6 7. Nc3 Bg7 8. f3 Bd7 9. Bxf6 exf6 10. Rxh7 Kf7 11.
Rxh8 Qxh8 12. O-O-O c6 13. e4 Be6 14. f4 d5 15. e5 f5 16. Nf3 Nd7 17. Ng5+ Ke7 18. Nxe6 Kxe6 19. Bg2 Qh2 20. Qf3 Bh6 21. Ne2 Qh4 22.
Rh1 1-0